 Dungeon Crawl Stone Soup version 0.29.0-4-gdea44cf6ec (webtiles) character file.

Game seed: 12263417986611297667

2396 qw the Cleaver (level 9, -14/84 HPs)
             Began as a Gargoyle Berserker on Sept 5, 2022.
             Was a Priest of Trog.
             Killed from afar by an acid dragon (18 damage)
             ... with a splash of acid
             ... on level 8 of the Dungeon.
             The game lasted 00:03:26 (8760 turns).

qw the Cleaver (Gargoyle Berserker)                 Turns: 8760, Time: 00:03:27

Health: -14/84     AC: 16    Str: 32    XL:     9   Next: 46%
Magic:  9/9        EV:  8    Int:  4    God:    Trog [***...]
Gold:   459        SH:  6    Dex:  9    Spells: 8/8 levels left

rFire   . . .      SeeInvis .   Y - +0 hand axe (flame)
rCold   + + .      Faith    .   e - +2 buckler "Baih" {+Blink Str+8 Int-5 Slay-4}
rNeg    + . .      Spirit   .   f - +0 plate armour
rPois   inf        Reflect  .   (no helmet)
rElec   +          Harm     .   (no cloak)
rCorr   .          Rampage  .   n - +1 pair of gloves
Will    .....                   (no boots)
Stlth   ..........              d - amulet of regeneration
HPRegen 1.04/turn               b - ring of protection from cold
MPRegen 0.11/turn               m - ring of protection from cold

@: berserking, weakened, corroded, very quick
A: sickness immunity, AC +6, negative energy resistance 1, electricity
resistance, torment resistance 1, petrification resistance
a: Renounce Religion, Evoke Blink, Berserk, Trog's Hand


You were on level 8 of the Dungeon.
You worshipped Trog.
Trog was most pleased with you.
You visited 1 branch of the dungeon, and saw 8 of its levels.
You also visited: Sewer.

You collected 459 gold pieces.


Innate Abilities, Weirdness & Mutations

You are immune to sickness and miasma.
Your stone body is resilient. (AC +6)
You are immune to poison.
You resist negative energy. (rN+)
You are resistant to electric shocks. (rElec)
You are resistant to unholy torment.
You are immune to petrification.


   Skills:
 + Level 6.5 Fighting
 - Level 9.0 Axes
 - Level 2.3 Throwing
 - Level 5.0 Armour
 - Level 1.5 Dodging
 - Level 4.0 Shields


You had 8 spell levels left.
You didn't know any spells.
Your spell library was empty.

Inventory:

Hand Weapons
 Y - a +0 hand axe of flaming (weapon)
Missiles
 o - 5 javelins (quivered)
Armour
 e - the +2 buckler "Baih" (worn) {+Blink Str+8 Int-5 Slay-4}
   (You acquired it on level 6 of the Dungeon)

   Str:       It affects your strength (+8).
   Int:       It affects your intelligence (-5).
   Slay:      It affects your accuracy & damage with ranged weapons and melee
   (-4).
   +Blink:    It lets you blink.
 f - a +0 plate armour (worn)
 n - a +1 pair of gloves (worn)
Jewellery
 b - a ring of protection from cold (left hand)
 d - an amulet of regeneration (around neck)
 l - a ring of positive energy
 m - a ring of protection from cold (right hand)
Scrolls
 a - 3 scrolls of identify
Potions
 c - 5 potions of mutation
 g - 5 potions of curing
 h - 2 potions of cancellation
 k - a potion of resistance

Dungeon Overview and Level Annotations

Branches:
Dungeon (8/15)             Temple (0/1) D:6           Sewer (visited)
   Lair: D:8-11

Altars:
Cheibriados
Fedhas
Gozag
Hepliaklqana
Nemelex Xobeh
Qazlal
Sif Muna
Uskayaw
Xom


Message History

You barely miss the orc. You hit the white imp but do no damage.
The white imp barely misses you. The acid dragon bites you.
The acid dragon claws you but does no damage.
The acid dragon bites you but does no damage.
The acid dragon claws you but does no damage.
You block the orc's attack.
The orc is engulfed in noxious fumes.
The orc appears confused.
The orc screams, "I'll kill you anyway!"
You completely miss the acid dragon.
The acid dragon is heavily wounded.
You barely miss the white imp. You slash the acid dragon!
You burn the acid dragon. You hit the orc but do no damage.
You slash the acid dragon! You burn the acid dragon.
The acid dragon is severely wounded.
You barely miss the acid dragon. You hit the orc. You burn the orc.
You hit the white imp. You burn the white imp.
You kill the white imp!
Trog accepts your kill.
The gnoll bouda gazes fiercely through you!
You feel your attacks grow feeble.
The acid dragon bites you but does no damage.
The acid dragon closely misses you.
The acid dragon bites you but does no damage.
The acid dragon claws you but does no damage.
The centaur wields a +0 shortbow.
The centaur shoots an arrow.
The arrow hits you but does no damage.
The orc is engulfed in noxious fumes.
The orc appears confused.
The orc hits you but does no damage.
You closely miss the acid dragon.
The acid dragon is severely wounded.
You closely miss the acid dragon. You hit the orc. You burn the orc.
You kill the orc!
Trog accepts your kill.
You hit the acid dragon but do no damage.
The acid dragon is severely wounded.
You hit the acid dragon. You burn the acid dragon.
The acid dragon bites you but does no damage.
The acid dragon closely misses you. The acid dragon spits acid at you.
The splash of acid hits you!!
You die...

#..........#
#..........# ##### #
#..........###¤~¤~¤ #
#............~~(¤~¤ ####
#............~¤¤~0. ...#
#...........¤~g.0). ...#
#...........¤~c¤.o.
...###.........DD.~~..~~
.........#......@# c
........##......)# ...
........##......#h......
....................>...
..........#####.........
#######...# #.........
#.........# #.........
#.........# ...)......
.......... .....$....


You could see a black bear, 2 acid dragons, a centaur, a gnoll bouda and an orc
(confused).

Vanquished Creatures
  Menkaure (D:7)
  Duvessa (D:7)
  An ice beast (D:5)
  A black bear (D:3)
  A sky beast (D:6)
  An ogre (D:5)
  A centaur (D:7)
  A kobold brigand (Sewer)
  A phantom (D:6)
  A bullfrog (D:6)
  Blork the orc (D:4)
  3 scorpions
  Dowan (D:7)
  A killer bee (D:8)
  5 electric eels (D:6)
  2 howler monkeys (D:5)
  4 jellies
  A lava snake (D:7)
  4 orc priests
  2 hounds
  3 gnoll boudas
  2 orc wizards
  A mummy (D:5)
  13 gnolls
  9 adders
  6 river rats (Sewer)
  3 white imps
  3 ufetubi
  3 worms
  3 dart slugs
  20 orcs
  8 endoplasms
  3 giant cockroaches
  3 goblins
  7 hobgoblins
  8 jackals
  2 quokkas
  11 ball pythons
  9 bats
  6 frilled lizards
  11 kobolds
  10 rats
178 creatures vanquished.

Vanquished Creatures (others)
  A bullfrog (D:8)
  An orc (D:8)
  17 plants
19 creatures vanquished.

Grand Total: 197 creatures vanquished

Notes
Turn   | Place    | Note
-------+----------+-------------------------------------------
     0 | D:1      | qw the Gargoyle Berserker began the quest for the Orb.
     0 | D:1      | Reached XP level 1. HP: 14/14 MP: 1/1
     0 | D:1      | 0 ||| qw: Version: 0.1-a-104-g96f76f8
     0 | D:1      | 0 ||| qw: Game counter: 5996
     0 | D:1      | 0 ||| qw: Always use a shield: true
     0 | D:1      | 0 ||| qw: Do Orc after D:15 true
     0 | D:1      | 0 ||| qw: Do second Lair branch before Depths: true
     0 | D:1      | 0 ||| qw: Lair rune preference: random
     0 | D:1      | 0 ||| qw: Plans: Normal
     0 | D:1      | 0 ||| PLANNING D:1-11
    85 | D:1      | Reached skill level 3 in Axes
   359 | D:1      | Reached XP level 2. HP: 18/19 MP: 2/2
   408 | D:1      | 408 ||| INVOKING Berserk.
   656 | D:1      | 656 ||| Stepping ~*~*~tactically~*~*~ (hiding).
   918 | D:1      | 918 ||| Stepping ~*~*~tactically~*~*~ (stealth).
   953 | D:1      | 953 ||| Stepping ~*~*~tactically~*~*~ (stealth).
   955 | D:1      | 955 ||| Stepping ~*~*~tactically~*~*~ (hiding).
   966 | D:1      | Reached XP level 3. HP: 22/23 MP: 3/3
  1328 | D:1      | 1328 ||| UPGRADING to +0 leather armour.
  1338 | D:1      | 1338 ||| DROPPING +0 animal skin.
  1339 | D:1      | 1339 ||| UPGRADING to +0 scale mail.
  1349 | D:1      | 1349 ||| DROPPING +0 leather armour.
  1350 | D:1      | 1350 ||| UPGRADING to amulet of regeneration.
  1355 | D:1      | 1355 ||| READING 3 scrolls labelled UTUQ ASIPNIWNA.
  1356 | D:1      | 1356 ||| READING scroll labelled NOLIMO QIQEE.
  1357 | D:1      | 1357 ||| READING scroll labelled ENNINE TIGYOCE.
  1358 | D:1      | 1358 ||| READING scroll labelled EBOUSI SAWIMN.
  1361 | D:1      | 1361 ||| READING 2 scrolls of identify.
  1361 | D:1      | 1361 ||| IDENTIFYING smoky blue potion
  1441 | D:2      | 1441 ||| INVOKING Berserk.
  1628 | D:2      | 1628 ||| INVOKING Berserk.
  1631 | D:2      | Reached skill level 4 in Axes
  1815 | D:2      | 1815 ||| Stepping ~*~*~tactically~*~*~ (stealth).
  1850 | D:2      | Found a faded altar of an unknown god.
  1851 | D:2      | 1851 ||| Stepping ~*~*~tactically~*~*~ (stealth).
  1857 | D:2      | Reached ** piety under Trog
  1948 | D:2      | Reached XP level 4. HP: 28/28 MP: 4/4
  2388 | D:2      | 2388 ||| UPGRADING to +0 plate armour.
  2398 | D:2      | 2398 ||| DROPPING +0 scale mail.
  2399 | D:2      | 2399 ||| READING scroll labelled ROGUVOA OXZUC.
  2500 | D:2      | 2500 ||| DRINKING 2 orange potions.
  2501 | D:2      | 2501 ||| DRINKING 3 cyan potions.
  2502 | D:2      | 2502 ||| DROPPING potion of flight.
  2780 | D:3      | Found a shimmering blue altar of Sif Muna.
  2818 | D:3      | Noticed a black bear
  2820 | D:3      | 2820 ||| INVOKING Berserk.
  2829 | D:3      | Killed a black bear
  2830 | D:3      | Reached skill level 5 in Axes
  2830 | D:3      | Reached XP level 5. HP: 32/32 MP: 5/5
  2939 | D:3      | Found a hide-covered altar of Uskayaw.
  3240 | D:3      | 3240 ||| DROPPING amulet of the acrobat.
  3241 | D:3      | 3241 ||| READING 2 scrolls labelled NOYJ DYUTAEJ.
  3242 | D:3      | 3242 ||| READING scroll labelled ZEYFALL GUEBB.
  3243 | D:3      | 3243 ||| READING 2 scrolls of identify.
  3243 | D:3      | 3243 ||| IDENTIFYING red potion
  3244 | D:3      | 3244 ||| DROPPING potion of brilliance.
  3245 | D:3      | 3245 ||| DROPPING scroll of immolation.
  3279 | D:4      | Found a glowing drain.
  3280 | D:4      | 3280 ||| PLANNING SEWER
  3303 | Sewer    | Entered a sewer
  3308 | Sewer    | 3308 ||| Stepping ~*~*~tactically~*~*~ (stealth).
  3344 | Sewer    | Reached XP level 6. HP: 37/37 MP: 6/6
  3355 | Sewer    | Reached skill level 3 in Armour
  3356 | Sewer    | Reached *** piety under Trog
  3585 | Sewer    | 3585 ||| Stepping ~*~*~tactically~*~*~ (stealth).
  3588 | Sewer    | 3588 ||| Stepping ~*~*~tactically~*~*~ (stealth).
  3602 | Sewer    | 3602 ||| INVOKING Berserk.
  3605 | Sewer    | Reached skill level 6 in Axes
  4028 | Sewer    | 4028 ||| READING scroll labelled GEYPNA VAUB.
  4029 | Sewer    | 4029 ||| READING scroll labelled YMI XUELABEE.
  4061 | D:4      | 4061 ||| PLANNING D:1-11
  4219 | D:4      | 4219 ||| INVOKING Berserk.
  4349 | D:4      | 4349 ||| Stepping ~*~*~tactically~*~*~ (stealth).
  4353 | D:4      | 4353 ||| Stepping ~*~*~tactically~*~*~ (stealth).
  4357 | D:4      | 4357 ||| SWAPPING to +0 hand axe of flaming.
  4358 | D:4      | 4358 ||| DROPPING +0 mace of venom.
  4359 | D:4      | 4359 ||| DROPPING +0 hand axe.
  4372 | D:4      | Noticed Blork the orc
  4376 | D:4      | 4376 ||| INVOKING Berserk.
  4383 | D:4      | Killed Blork the orc
  4384 | D:4      | Reached XP level 7. HP: 43/43 MP: 7/7
  4526 | D:4      | 4526 ||| INVOKING Berserk.
  4707 | D:4      | Reached skill level 7 in Axes
  4722 | D:4      | Found a hazy altar of Hepliaklqana.
  4772 | D:4      | 4772 ||| UPGRADING to ring of protection from cold.
  4773 | D:4      | 4773 ||| READING 2 scrolls of identify.
  4773 | D:4      | 4773 ||| IDENTIFYING fizzy brown potion
  4796 | D:5      | Entered Level 5 of the Dungeon
  4802 | D:5      | 4802 ||| INVOKING Berserk.
  4859 | D:5      | Reached XP level 8. HP: 49/49 MP: 8/8
  4863 | D:5      | 4863 ||| FLEEEEING.
  4864 | D:5      | 4864 ||| FLEEEEING.
  4873 | D:5      | 4873 ||| Stepping ~*~*~tactically~*~*~ (stealth).
  4957 | D:5      | 4957 ||| Stepping ~*~*~tactically~*~*~ (hiding).
  4964 | D:5      | 4964 ||| INVOKING Berserk.
  5085 | D:5      | 5085 ||| Stepping ~*~*~tactically~*~*~ (hiding).
  5208 | D:5      | Reached skill level 8 in Axes
  5305 | D:5      | Reached skill level 1 in Throwing
  5354 | D:5      | Found a snail-covered altar of Cheibriados.
  5519 | D:5      | 5519 ||| UPGRADING to +1 pair of gloves.
  5524 | D:5      | 5524 ||| READING 3 scrolls labelled FUIPSENAEL.
  5525 | D:5      | 5525 ||| READING 5 scrolls of identify.
  5525 | D:5      | 5525 ||| IDENTIFYING silvery potion
  5526 | D:5      | 5526 ||| READING 4 scrolls of identify.
  5526 | D:5      | 5526 ||| IDENTIFYING fizzy blue potion
  5527 | D:5      | 5527 ||| READING 3 scrolls of identify.
  5527 | D:5      | 5527 ||| IDENTIFYING white potion
  5528 | D:5      | 5528 ||| DROPPING potion of berserk rage.
  5529 | D:5      | 5529 ||| DROPPING potion of degeneration.
  5530 | D:5      | 5530 ||| DROPPING 2 scrolls of vulnerability.
  5574 | D:5      | 5574 ||| READING scroll of teleportation.
  5575 | D:5      | 5575 ||| STAIRDANCE
  5629 | D:6      | Found a stormy altar of Qazlal.
  5637 | D:6      | Found a blossoming altar of Fedhas.
  5696 | D:6      | Found a staircase to the Ecumenical Temple.
  5726 | D:6      | Identified the +6 flail of Propriety {drain, Str+4 Stlth+}
  5761 | D:6      | 5761 ||| INVOKING Berserk.
  5784 | D:6      | Reached skill level 6 in Fighting
  5786 | D:6      | 5786 ||| Stepping ~*~*~tactically~*~*~ (stealth).
  5794 | D:6      | 5794 ||| Stepping ~*~*~tactically~*~*~ (stealth).
  5913 | D:6      | 5913 ||| Stepping ~*~*~tactically~*~*~ (hiding).
  5916 | D:6      | 5916 ||| Stepping ~*~*~tactically~*~*~ (hiding).
  5919 | D:6      | 5919 ||| INVOKING Berserk.
  6140 | D:6      | 6140 ||| INVOKING Berserk.
  6312 | D:6      | 6312 ||| INVOKING Berserk.
  6352 | D:6      | 6352 ||| INVOKING Berserk.
  6486 | D:6      | Reached XP level 9. HP: 55/55 MP: 9/9
  6497 | D:6      | 6497 ||| INVOKING Berserk.
  6819 | D:6      | 6819 ||| READING scroll labelled FANIGA ERHAF.
  6819 | D:6      | Identified a scroll of acquirement
  6819 | D:6      | 6819 ||| ACQUIRING +2 buckler "Baih" {+Blink Str+8 Int-5
                  | Slay-4}
  6819 | D:6      | Acquired the +2 buckler "Baih" {+Blink Str+8 Int-5 Slay-4}
  6821 | D:6      | 6821 ||| UPGRADING to +2 buckler "Baih" {+Blink Str+8 Int-5
                  | Slay-4}.
  6851 | D:7      | Noticed Menkaure
  6855 | D:7      | 6855 ||| INVOKING Berserk.
  6859 | D:7      | Killed Menkaure
  7053 | D:7      | 7053 ||| INVOKING Berserk.
  7181 | D:7      | Found an opulent altar of Gozag.
  7375 | D:7      | Noticed Dowan
  7376 | D:7      | Noticed Duvessa
  7380 | D:7      | 7380 ||| INVOKING Berserk.
  7383 | D:7      | Killed Duvessa
  7384 | D:7      | Reached skill level 3 in Shields
  7389 | D:7      | Killed Dowan
  7551 | D:7      | 7551 ||| INVOKING Berserk.
  7896 | D:7      | 7896 ||| Stepping ~*~*~tactically~*~*~ (stealth).
  7897 | D:7      | 7897 ||| Stepping ~*~*~tactically~*~*~ (stealth).
  7900 | D:7      | 7900 ||| Stepping ~*~*~tactically~*~*~ (hiding).
  7917 | D:7      | 7917 ||| Stepping ~*~*~tactically~*~*~ (hiding).
  7921 | D:7      | 7921 ||| Stepping ~*~*~tactically~*~*~ (hiding).
  7922 | D:7      | 7922 ||| Stepping ~*~*~tactically~*~*~ (hiding).
  7933 | D:7      | 7933 ||| Stepping ~*~*~tactically~*~*~ (hiding).
  7935 | D:7      | 7935 ||| Stepping ~*~*~tactically~*~*~ (hiding).
  7938 | D:7      | 7938 ||| Stepping ~*~*~tactically~*~*~ (hiding).
  7942 | D:7      | 7942 ||| INVOKING Berserk.
  8078 | D:7      | 8078 ||| INVOKING Berserk.
  8092 | D:7      | 8092 ||| DRINKING 7 potions of curing.
  8092 | D:7      | 8092 ||| (to cure confusion)
  8110 | D:7      | 8110 ||| DRINKING 6 potions of curing.
  8110 | D:7      | 8110 ||| (to cure confusion)
  8257 | D:7      | Reached skill level 9 in Axes
  8378 | D:7      | 8378 ||| UPGRADING to ring of positive energy.
  8379 | D:7      | 8379 ||| UPGRADING to ring of protection from cold.
  8381 | D:7      | 8381 ||| READING scroll labelled UWKESKE DUHOE.
  8382 | D:7      | 8382 ||| DRINKING 2 murky grey potions.
  8423 | D:7      | 8423 ||| READING 4 scrolls of identify.
  8423 | D:7      | 8423 ||| IDENTIFYING coppery potion
  8424 | D:7      | 8424 ||| DROPPING potion of attraction.
  8425 | D:7      | 8425 ||| DROPPING potion of lignification.
  8533 | D:8      | 8533 ||| INVOKING Berserk.
  8680 | D:8      | Found a sparkling altar of Nemelex Xobeh.
  8746 | D:8      | Found a shimmering altar of Xom.
  8754 | D:8      | HP: 8/56 [acid dragon/splash of acid (27)]
  8755 | D:8      | 8755 ||| INVOKING Berserk.
  8755 | D:8      | HP: 3/84 [orc/+0 hand axe (2)]
  8760 | D:8      | Killed from afar by an acid dragon

Levels and vault maps discovered:
D:1:      elethiomel_arrival_quiet, layout_loops_ring
D:2:      layout_loops_ring, nicolae_ecumenical_snake_handling
D:3:      layout_rooms, lemuel_tele_altar, nicolae_overflow_crystal_walls,
          nrook_mini_backslash, minmay_misc_feat_columns
D:4:      layout_gridville, nzn_hepliaklqana_mist_gate,
          cheibrodos_sewer_entry_sluice, uniq_blork_the_orc
D:5:      layout_cave_pools, slow_altar_1, serial_bayou, serial_bayou_pond_a,
          serial_bayou_shore_a, serial_bayou_pond_d, serial_bayou_ford_a
D:6:      layout_cave_pools, grunt_temple_overflow_forces_of_nature,
          minmay_temple_entry_sparse_star, serial_bayou, serial_bayou_lagoon_b,
          serial_bayou_pond_d, serial_bayou_crossing, serial_bayou_pond_a,
          serial_bayou_lagoon_a, serial_bayou_pond_e
D:7:      layout_basic, grunt_gozag_breadcrumbs, enter_bailey_2,
          kennysheep_nondescript, kennysheep_dice, uniq_menkaure, uniq_duvessa
D:8:      layout_basic, elyvilon_altar_5, marbit_many_paths, xom_confusion_cloud

Skill      XL: |  1  2  3  4  5  6  7  8  9 |
---------------+----------------------------+-----
Axes           | 3 4 5 6 7 8 9 |  9.0
Armour         | 3 4 5 |  5.0
Fighting       | 4 5 6 |  6.5
Throwing       | 2 |  2.3
Shields        | 4 |  4.0
Dodging        | |  1.5

Action                   |  1- 3 |  4- 6 |  7- 9 || total
-------------------------+-------+-------+-------++-------
Melee: Hand axe          |   129 |   308 |   318 ||   755
       Punch             |     1 |       |     1 ||     2
Throw: Javelin           |       |       |    17 ||    17
Invok: Berserk           |     3 |     4 |    17 ||    24
  Use: Scroll            |     5 |     6 |     9 ||    20
       Potion            |       |     2 |     3 ||     5
Armor: Animal skin       |    26 |       |       ||    26
       Scale mail        |    35 |    11 |       ||    46
       Plate armour      |       |   167 |   208 ||   375
Dodge: Dodged            |    76 |    90 |    87 ||   253
Block: Buckler           |       |       |    38 ||    38

Table legend:
 A = Non-vault XP
 B = Vault XP
 C = Vault XP percentage of total XP
 D = Non-vault monster count
 E = Vault monster count
 F = Vault count percentage of total count
                 A         B        C        D         E       F
            +---------+---------+-------+---------+---------+-------
      Total |    2589 |     835 |  24.4 |     134 |      44 |  24.7
            +---------+---------+-------+---------+---------+-------
        D:1 |      35 |       0 |   0.0 |      18 |       0 |   0.0
        D:2 |      82 |       8 |   8.9 |      23 |       4 |  14.8
        D:3 |     163 |       0 |   0.0 |      15 |       0 |   0.0
        D:4 |     188 |      98 |  34.3 |      13 |       5 |  27.8
        D:5 |     789 |      18 |   2.2 |      22 |       1 |   4.3
        D:6 |     784 |       0 |   0.0 |      19 |       0 |   0.0
        D:7 |     432 |     387 |  47.3 |      18 |       3 |  14.3
        D:8 |     116 |      76 |  39.6 |       6 |       3 |  33.3
      Sewer |       0 |     248 | 100.0 |       0 |      28 | 100.0
            +---------+---------+-------+---------+---------+-------
